 Dungeon Crawl Stone Soup version 0.19.0-16-g73b5abf (webtiles) character file.

193 imganon the Conjurer (level 5, -2/35 HPs)
             Began as a Demonspawn Wizard on Nov 10, 2016.
             Killed by divine providence
             ... invoked by an orc priest
              (13 damage)
             ... on level 3 of the Dungeon.
             The game lasted 00:09:42 (3645 turns).

imganon the Conjurer (Demonspawn Wizard)            Turns: 3645, Time: 00:09:42

Health: -2/35      AC:  2    Str:  7    XL:     5   Next: 43%
Magic:  9/9        EV: 12    Int: 20    God:
Gold:   106        SH:  0    Dex: 12    Spells: 3 memorised, 4 levels left

rFire  . . .     SeeInvis .     (no weapon)
rCold  . . .     Gourm    .     a - +0 robe
rNeg   . . .     Faith    .     (no shield)
rPois  .         Spirit   .     b - +0 hat
rElec  .         Reflect  .     (no cloak)
rCorr  .         Harm     .     (no gloves)
MR     .....                    (no boots)
Stlth  ++........               (no amulet)
                                (no ring)
                                (no ring)

@: no status effects
A: antennae 1, powered by pain 1
a: no special abilities


You were on level 3 of the Dungeon.
You were not hungry.

You visited 1 branch of the dungeon, and saw 3 of its levels.

You collected 106 gold pieces.

Inventory:

Armour
 a - a +0 robe (worn)
 b - a +0 hat (worn)
Scrolls
 e - a scroll of remove curse {unknown}
 f - 4 scrolls of identify {unknown}
 i - 4 scrolls of amnesia {unknown}
 m - a scroll of enchant armour {unknown}
Potions
 g - a potion of heal wounds {unknown}
 j - a potion of curing
 k - a potion of ambrosia {unknown}
 n - a potion of agility {unknown}
Books
 c - a book of Minor Magic

   Spells                             Type                      Level
   a - Magic Dart                     Conjuration                  1
   b - Blink                          Translocation                2
   c - Call Imp                       Summoning                    2
   d - Repel Missiles                 Charms/Air                   2
   e - Slow                           Hexes                        2
   f - Conjure Flame                  Conjuration/Fire             3
   g - Mephitic Cloud                 Conjuration/Poison/Air       3
Comestibles
 d - 3 bread rations
 h - 3 chunks of flesh
 l - a meat ration


   Skills:
 - Level 1.7 Dodging
 - Level 1.7 Stealth
 - Level 3.0 Spellcasting
 * Level 5.4 Conjurations
   Level 1.0 Summonings
 + Level 0.8 Translocations
 + Level 0.0 Air Magic


You had 4 spell levels left.
You knew the following spells:

 Your Spells              Type           Power        Failure   Level  Hunger
a - Magic Dart            Conj           ###.         1%          1    None
b - Blink                 Tloc           N/A          17%         2    ##.....
c - Mephitic Cloud        Conj/Pois/Air  ##......     21%         3    ###....


Dungeon Overview and Level Annotations

Branches:
Dungeon (3/15)

Altars:
Dithmenos


Innate Abilities, Weirdness & Mutations

You have a pair of small antennae on your head.
You sometimes gain a little power by taking damage.


Message History

Aiming: Magic Dart
Press: ? - help, Shift-Dir - straight line, f/p - orc priest
Aim: an orc priest, wielding a short sword (noxious fumes, heavily wounded, confused)
The magic dart hits the orc priest.
The orc priest is heavily wounded.
The orc priest is engulfed in noxious fumes.
An orc comes into view. It is wielding a dagger.
An orc priest comes into view. It is wielding a hand axe of chopping.
The orc priest calls down the wrath of Beogh upon you.
Beogh smites you!
You focus on the pain.
You feel your power returning.
Okay, then.
Casting: Magic Dart
Confirm with . or Enter, or press ? or * to list all spells.
Aiming: Mephitic Cloud
Press: ? - help, Shift-Dir - straight line
Okay, then.
The orc closely misses you.
The orc priest invokes the aid of Beogh against you.
Beogh smites you!
You die...

###.#...## ##.#..#.##.#.
#.......... ........##.##
#.######### #........ #o#
#..###.## #.# ##.###.##
#.################# #..##.##
#.#...............# ##.##..+
#......o..oo......#.###.##.##
###.........@.....#......#.##
#...)...........#.####.#.##
#...............# #.#.##
####....############ #...##
#....# #.......# #...##
#....# #.......# #...##
#....# #.......# #...#
#####....####.......###...##
#........'.('.......'....>..


You could see an orc priest and 2 orcs.

Vanquished Creatures
  2 orc priests (D:3)
  5 adders
  An ooze (D:3)
  2 dart slugs
  4 leopard geckos
  8 orcs (D:3)
  A ball python (D:1)
  4 giant cockroaches
  8 goblins
  7 hobgoblins
  2 quokkas
  7 bats
  3 frilled lizards (D:1)
  11 kobolds
  7 rats
72 creatures vanquished.

Notes
Turn   | Place    | Note
-------+----------+-------------------------------------------
     0 | D:1      | imganon the Demonspawn Wizard began the quest for the Orb.
     0 | D:1      | Reached XP level 1. HP: 13/13 MP: 4/4
   212 | D:1      | Reached skill level 2 in Conjurations
   294 | D:1      | Gained mutation: You have a pair of small antennae on your head. [demonic ancestry]
   294 | D:1      | Reached XP level 2. HP: 5/19 MP: 0/6
  1277 | D:1      | Reached skill level 3 in Conjurations
  1481 | D:1      | Reached XP level 3. HP: 24/24 MP: 5/7
  1644 | D:2      | Found a shadowy altar of Dithmenos.
  1925 | D:2      | Gained mutation: You sometimes gain a little power by taking damage. [demonic ancestry]
  1925 | D:2      | Reached XP level 4. HP: 25/30 MP: 4/8
  2016 | D:2      | Reached skill level 4 in Conjurations
  2767 | D:3      | Reached XP level 5. HP: 35/35 MP: 4/9
  2811 | D:3      | Reached skill level 5 in Conjurations
  3522 | D:3      | Learned a level 2 spell: Blink
  3526 | D:3      | Learned a level 3 spell: Mephitic Cloud
  3645 | D:3      | Killed from afar by an orc priest

Skill      XL: |  1  2  3  4  5 |
---------------+----------------+-----
Conjurations   | 2 3 4 5 |  5.4
Dodging        | |  1.7
Stealth        | |  1.7
Spellcasting   | |  3.0
Summonings     | |  1.0
Translocations | |  0.8

Action                   |  1- 3 |  4- 6 || total
-------------------------+-------+-------++-------
 Cast: Magic Dart        |   111 |    97 ||   208
       Mephitic Cloud    |       |     1 ||     1
  Use: Potion            |     2 |       ||     2
  Eat: Chunk             |     3 |     5 ||     8
Armor: Robe              |     6 |       ||     6
Dodge: Dodged            |    25 |    16 ||    41
